 Dungeon Crawl Stone Soup version 0.27-a0-1612-gde56a17b89 (webtiles) character file.

Game seed: 10942963647580407125

38 MovingMist the Skirmisher (level 3, -1/24 HPs)
             Began as a Gargoyle Fighter on July 22, 2021.
             Slain by a worm (5 damage)
             ... on level 2 of the Dungeon.
             The game lasted 00:02:14 (711 turns).

MovingMist the Skirmisher (Gargoyle Fighter)         Turns: 711, Time: 00:02:15

Health: -1/24      AC: 10    Str: 19    XL:     3   Next: 43%
Magic:  3/3        EV:  5    Int:  8    God:
Gold:   59         SH: 13    Dex: 10    Spells: 2/2 levels left

rFire    . . .     SeeInvis .   a - +0 flail
rCold    . . .     Faith    .   h - +0 tower shield
rNeg     + . .     Spirit   .   b - +0 scale mail
rPois    ∞         Reflect  .   (no helmet)
rElec    +         Harm     .   (no cloak)
rCorr    .         Rampage  .   (no gloves)
Will     .....                  (no boots)
Stlth    ..........             (no amulet)
HPRegen  0.08/turn              (no ring)
MPRegen  0.08/turn              (no ring)

@: no status effects
A: sickness immunity, AC +3, negative energy resistance 1, electricity
resistance, torment resistance 1, petrification resistance
a: no special abilities


You were on level 2 of the Dungeon.
You visited 1 branch of the dungeon, and saw 2 of its levels.

You collected 59 gold pieces.

Inventory:

Hand Weapons
 a - a +0 flail (weapon)
Armour
 b - a +0 scale mail (worn)
 h - a +0 tower shield (worn)
Jewellery
 f - an amulet of the acrobat
Scrolls
 e - a scroll of immolation {unknown}
 g - a scroll of blinking {unknown}
Potions
 d - a potion of might


   Skills:
 + Level 3.6 Fighting
 + Level 2.4 Maces & Flails
 + Level 3.6 Armour
 * Level 1.3 Dodging
 - Level 3.2 Shields


You had 2 spell levels left.
You didn't know any spells.
Your spell library contained the following spells:

 Spells                   Type           Power      Damage    Failure   Level
 Sting                    Tmut/Pois      0%         1d3       100%        1
 Freezing Cloud           Conj/Ice/Air   0%         6-21      100%        5
 Simulacrum               Ice/Necr       0%         N/A       100%        6
 Polar Vortex             Ice            0%         N/A       100%        9


Dungeon Overview and Level Annotations

Branches:
Dungeon (2/15)

Altars:


Innate Abilities, Weirdness & Mutations

You are immune to sickness and miasma.
Your stone body is resilient. (AC +3)
You are immune to poison.
You resist negative energy. (rN+)
You are resistant to electric shocks. (rElec)
You are resistant to unholy torment.
You are immune to petrification.


Message History

The adder is almost dead.
The adder bites you. You block the adder's attack.
The worm bites you but does no damage.
You closely miss the adder.
The adder is almost dead.
You block the adder's attack. x2; The worm bites you.
You block the adder's attack.
You are too injured to fight recklessly!
You block the adder's attack. You block the adder's attack.
The adder barely misses you. You block the adder's attack.
You are too injured to fight recklessly!
You are too injured to fight recklessly!
You are too injured to fight recklessly!
You are too injured to fight recklessly!
Your scale mail prevents you from hitting the adder.
The adder is almost dead.
The adder bites you. The adder bites you but does no damage.
You barely miss the adder.
The adder is almost dead.
The adder barely misses you. The adder bites you but does no damage.
The adder bites you but does no damage.
You closely miss the adder.
The adder is almost dead.
The adder bites you.
* * * LOW HITPOINT WARNING * * *
The adder bites you but does no damage.
You closely miss the adder.
The adder is almost dead.
You block the adder's attack. x2
You hit the adder.
The adder is almost dead.
You block the adder's attack. The adder bites you.
* * * LOW HITPOINT WARNING * * *
You hit the adder.
You kill the adder!
You hit the worm.
The worm is lightly wounded.
The worm bites you.
You die...

#... ...#####.####........#
..............#...........#
..............#.##........#
.............# ###.#.####
##.#########.# #.#.#
##.####### #.# #.#.#
#........# #.# #.#..
#........# #.# #.#########
#........# #@# ##.##.......
#........###w# #.....######
#............# #.....#
#...........†#.###....####
.............#........†..#
.............#........##.#
.............#........##.#
.#.......###.#........##.#
#.#.###.# #.#........##.#


You could see a worm.

Vanquished Creatures
  A hound skeleton (D:2)
  An adder (D:2)
  2 endoplasms (D:2)
  A giant cockroach (D:2)
  A goblin (D:1)
  2 hobgoblins
  A kobold (D:1)
  2 ball pythons
  3 bats
  3 rats
17 creatures vanquished.

Notes
Turn   | Place    | Note
-------+----------+-------------------------------------------
     0 | D:1      | MovingMist the Gargoyle Fighter began the quest for the
                  | Orb.
     0 | D:1      | Reached XP level 1. HP: 14/14 MP: 1/1
   213 | D:1      | Found a faded altar of an unknown god.
   221 | D:1      | Got Plato's Compendium of Moulding
   443 | D:1      | Reached XP level 2. HP: 19/19 MP: 2/2
   673 | D:2      | Reached skill level 1 in Dodging
   673 | D:2      | Reached XP level 3. HP: 22/23 MP: 3/3
   711 | D:2      | Slain by a worm

Illustrated notes

Levels and vault maps discovered:
D:1:      minmay_arrival_open_corners, layout_rooms,
          shapermc_ecumenical_altar_rom_forum, chequers_mini_garden
D:2:      layout_basic, hangedman_abyss_or_decor_stabs, uniq_terence

Skill      XL: |  1  2 |
---------------+-------+-----
Dodging        | 1 |  1.3
Fighting       | |  3.6
Maces & Flails | |  2.4
Armour         | |  3.6
Shields        | |  3.2

Action                   || total
-------------------------++-------
Melee: Flail             ||    59
Armor: Scale mail        ||    39
Dodge: Dodged            ||    20
Block: Kite shield       ||    17
       Tower shield      ||    20

Table legend: (Time is in decaauts)
 A = Elapsed time spent in this place.
 B = Non-inter-level travel time spent in this place.
 C = Inter-level travel time spent in this place.
 D = Time resting spent in this place.
 E = Time spent auto-exploring this place.
 F = Levels seen in this place.
 G = Mean time per level.
                   A        B        C        D        E       F      G
               +--------+--------+--------+--------+--------+-----+--------+
         Total |    745 |    728 |     17 |    162 |    398 |   2 |  372.5 |
       Dungeon |    745 |    728 |     17 |    162 |    398 |   2 |  372.5 |
               +--------+--------+--------+--------+--------+-----+--------+

Top non-repeatable levels by time:
     D:1: 485 daAuts
     D:2: 260 daAuts
